ElectroGuy, lawful male human Priest .|.......---------.. ........G@.........- .....!..G.f.-------- ... |... --... ...... ..*)<. ....-- ElectroGuy the Acolyte Experience level: 4 Strength: 13 Dexterity: 10 Constitution: 11 Intelligence: 12 Wisdom: 18 Charisma: 12 Health: 0(30) Energy: 38(38) Def: 5 Gold: 175 Moves: 2256 Dungeon seed: 3UovogTUz87F2B6s Game ID: ElectroGuy_1577388582 Your Inventory: Coins $ - 175 gold pieces Weapons a - a blessed +1 mace (weapon in hand) o - 4 blessed +1 darts (in quiver) z - 4 +0 arrows A - a blessed +0 bow D - a +3 aklys E - a +0 dart Armor e - a +0 robe (being worn) n - a +0 small shield (being worn) H - a +0 pair of iron shoes (being worn) Comestibles c - a clove of garlic (alternate weapon; not wielded) d - 2 sprigs of wolfsbane Scrolls B - a scroll of teleportation Spellbooks f - a spellbook of detect food g - a spellbook of healing j - a spellbook of wizard lock w - a spellbook of blank paper Potions b - 4 potions of holy water r - a potion of water u - a potion of restore ability Tools F - a magic whistle I - a rusty +0 pick-axe J - a skeleton key Gems q - a worthless piece of green glass y - a worthless piece of white glass C - a jasper stone G - a worthless piece of yellow glass N - 2 fluorite stones Y - a worthless piece of orange glass Spells and supernatural/magical abilities: Name Level Category Fail Memory h - healing 1 healing 0% 89% w - wizard lock 2 matter 39% 90% E - detect food 2 divination 39% 89% W - pray for help -- divine ? -- X - turn undead -- divine ? -- Your skills at the end: Fighting Skills Weapon Skills mace [Basic] Spellcasting Skills clerical spells [Basic] Final Attributes: You were stridently aligned. You are dead. Vanquished creatures: a gnome lord a gnomish wizard a baby crocodile a dwarf 2 orc zombies an acid blob a giant rat 2 cave spiders a yellow mold 12 gnomes 7 jackals a fox a kobold a goblin 2 sewer rats 2 grid bugs a lichen 2 kobold zombies 9 newts 49 creatures vanquished. Voluntary challenges: You were an atheist. You used a wielded weapon 45 times, starting on turn 82. You read items or engraved 8 times, starting on turn 237. You never genocided any monsters. You never polymorphed an object. You never changed form. You used no wishes. You never split a pudding. You never wrote Elbereth's name. You violated your moral code, losing 15 points of alignment, starting on turn 1853. Dungeon overview: The Dungeons of Doom: levels 1 to 3 Level 1 a fountain a long staircase Level 2 some fountains Level 3 a potion shop stairs to The Gnomish Mines The Gnomish Mines: levels 4 to 5 Level 4 stairs to The Dungeons of Doom Level 5 <- You were here History has recorded: On T:1 you entered the Dungeons of Doom to retrieve the Amulet of Yendor! On T:427 you reached level 2 of The Dungeons of Doom. On T:832 you advanced to experience level 2. On T:1058 you reached level 3 of The Dungeons of Doom. On T:1691 you reached level 1 of The Gnomish Mines. On T:1707 you advanced to experience level 3. On T:1814 you advanced to experience level 4. On T:2212 you reached level 2 of The Gnomish Mines. Score breakdown: Gold: 175 ( 7638 points) Experience: 4 levels ( 9649 points) Exploration: 5 levels ( 9.80%) ( 8485 points) Discoveries: 8 items ( 2.69%) ( 4923 points) Valuables value: (no points given unless you survive) Artifact value: 0 ( 0 points) Variety of kills: 19 monsters ( 4.99%) ( 6699 points) Turncount: 2256 turns ( -178 points) Survival: died (score multiplied by 80%) Total score: 29772 Latest messages: You kill the gnome! There are a few objects here. You see here 7 rocks. You hear some noises in the distance. You hear some noises. You stop. Your kitten is in the way! The gnome lord hits! You hit the gnome lord! The gnome lord drinks a dark potion! The gnome lord looks better. The gnome lord hits! You hit the gnome lord. You hit the gnome lord! The gnome lord hits! (2x) As you read the scroll, it disappears. You have found a scroll of stinking cloud! Where do you want to center the cloud? You smell rotten eggs. The gnome lord hits! You die... Final status: Goodbye ElectroGuy the Priest, killed by a gnome lord... You died in The Gnomish Mines on dungeon level 5 with 29772 points, and 175 pieces of gold, after 2256 moves. You were level 4 with a maximum of 30 hit points when you died.